 Dungeon Crawl Stone Soup version 0.30-a0-986-g7f2e898f52 (webtiles) character file.

Game seed: 9867531827335005254

60 ytrimaz the Chopper (level 4, -14/35 HPs)
             Began as a Formicid Fighter on Apr 2, 2023.
             Killed by an exploding kobold (49 damage)
             ... ignited by their inner flame
             ... on level 3 of the Dungeon.
             The game lasted 00:01:27 (2019 turns).

ytrimaz the Chopper (Formicid Fighter)              Turns: 2019, Time: 00:01:27

Health: -14/35     AC:  6    Str: 23    XL:     4   Next: 25%
Magic:  4/4        EV:  9    Int:  7    God:
Gold:   144        SH:  5    Dex: 13    Spells: 3/3 levels left

rFire   . . .      SeeInvis +    a - +0 war axe
rCold   . . .      Faith    +    c - +0 buckler
rNeg    . . .      Spirit   .    b - +0 scale mail
rPois   +          Reflect  .    (helmet unavailable)
rElec   .          Rampage  .    (no cloak)
rCorr   .                        (no gloves)
Will    .....                    (no boots) Stlth
                                 h - amulet of faith
HPRegen 0.25/turn                e - ring of poison resistance
MPRegen 0.09/turn                (no ring)

@: no status effects
A: permanent stasis, dig shafts and tunnels, antennae 3, four strong arms
a: Dig, Shaft Self


You were on level 3 of the Dungeon.
You visited 1 branch of the dungeon, and saw 3 of its levels.

You collected 144 gold pieces.


Innate Abilities, Weirdness & Mutations

You cannot be hasted, slowed, berserked, paralysed or teleported.
You can dig through walls and to a lower floor.
You have a pair of large antennae on your head. (SInv)
Your four strong arms can wield two-handed weapons with a shield.


   Skills:
 - Level 3.2 Fighting
 + Level 4.2 Axes
 - Level 3.2 Armour
 - Level 4.0 Shields


You had 3 spell levels left.
You didn't know any spells.
Your spell library was empty.

Inventory:

Hand Weapons
 a - a +0 war axe (weapon)
Armour
 b - a +0 scale mail (worn)
 c - a +0 buckler (worn)
Jewellery
 e - a ring of poison resistance (left hand)
   (You found it on level 1 of the Dungeon)
 h - an amulet of faith (around neck)
   (You found it on level 1 of the Dungeon)
Potions
 d - a potion of might
 f - 3 potions of heal wounds
 g - a potion of lignification {unknown}
 i - a potion of invisibility {unknown}
 j - a potion of degeneration {unknown}
 k - 3 potions of curing {unknown}
 l - a potion of haste {unknown}
 m - a potion of magic {unknown}
 n - a potion of brilliance {unknown}

Dungeon Overview and Level Annotations

Branches:
Dungeon (3/15) Zot: 15953

Altars:

###########
#......)..###.#
#.#...........# .
#.#.#####.##### ##...
#.#.# #.######...?..
#.#.# #.....@§§.....
#.#...........§§§.....
#.##############.##...
#.# .# . #.# # #.##
#..# ###.########
#...........


There were no monsters in sight!


Message History

An orc wizard is nearby!
An orc comes into view. It is wielding a +0 mace.
An orc comes into view. It is wielding a +0 club.
The orc shouts!
You hear a shout!
You see here a scroll labelled BANIOS UNUITT.
An orc comes into view. It is wielding a +0 short sword.
The orc wizard hits you but does no damage.
The orc shouts!
You hit the orc wizard.
The orc wizard hits you but does no damage.
Unknown command.
You hit the orc. The orc hits you but does no damage.
You closely miss the orc.
The orc wizard casts a spell.
The orc wizard flickers and vanishes for a moment.
The orc completely misses you. The orc misses you.
You slash the orc!
You kill the orc!
You hit the orc wizard.
The orc wizard hits you but does no damage.
Unknown command.
You slash the orc wizard!
You kill the orc wizard!
The orc barely misses you.
Your Axes skill increases to level 4!
You have reached level 4!
You feel stronger. 😎 HP[+6] MP[+1]
You now have 35 max hp (+6).
Your hp is fully restored (35).
Your mp is fully restored (4).
You closely miss the orc. The orc hits you but does no damage.
You closely miss the orc. The orc closely misses you.
You barely miss the orc. The orc misses you.
The orc hits you but does no damage.
Unknown command.
You hit the orc. The orc hits you but does no damage.
You hit the orc.
You kill the orc!
You hit the orc but do no damage. The orc completely misses you.
The orc hits you but does no damage.
You hit the orc. You block the orc's attack.
You barely miss the orc. The orc hits you but does no damage.
Unknown command.
You hit the orc.
You kill the orc!
No target in view!
Items here: )))) [[[ ††.
Unknown command.
No target in view!
o - a scroll labelled BANIOS UNUITT
Items here: )))) [[[ ††.
A goblin comes into view. It is wielding a +0 dagger.
The goblin shouts!
A goblin is nearby!
A goblin is nearby!
As you read the scroll labelled HANIMIM FIOHA, it crumbles to dust.
You hear a loud clanging noise!
It was a scroll of noise.
You hear a shout!
The goblin unwields a +0 dagger.
The goblin wields a +0 sling.
The goblin shoots a sling bullet.
The sling bullet barely misses you.
Unknown command.
The goblin shoots a sling bullet.
You block the sling bullet.
The goblin shoots a sling bullet.
The sling bullet hits you.
You see here a lumpy clear potion. 😕 HP[-3]
You take 3 damage, and now have 32/35 hp.
The goblin shoots a sling bullet.
The sling bullet closely misses you. 😕 HP[+1]
You hit the goblin.
The goblin unwields a +0 sling.
The goblin wields a +0 dagger.
The goblin completely misses you.
Unknown command.
You slash the goblin!
You kill the goblin! 😕 HP[+1] No target in view!
Things that are here:
a +0 dagger; a +0 sling No target in view!
Unknown command.
f - 3 potions of heal wounds (gained 1)
Things that are here:
a +0 dagger; a +0 sling
l - a lumpy clear potion 😎 HP[+1]
Your hp is fully restored (35).
You sense a monster nearby.
A kobold comes into view. It is wielding a +0 whip.
A kobold is nearby!
As you read the scroll labelled BANIOS UNUITT, it crumbles to dust.
The creatures around you are filled with an inner flame!
It was a scroll of immolation.
The kobold shouts!
Unknown command.
You block the kobold's attack.
You slash the kobold!
The kobold explodes!
The fiery explosion engulfs you!!!
Ouch! That really hurt!
You die...

Skill      XL: |  1  2  3 |
---------------+----------+-----
Axes           | 3 4 |  4.2
Fighting       | |  3.2
Armour         | |  3.2
Shields        | |  4.0

Action                     |  1- 3 |  4- 6 || total
---------------------------+-------+-------++-------
  Melee: War axe           |    65 |    12 ||    77
    Use: Scroll            |     2 |     2 ||     4
 Armour: Scale mail        |    34 |     5 ||    39
  Dodge: Dodged            |    18 |     6 ||    24
  Block: Buckler           |    15 |     3 ||    18

Levels and vault maps discovered:
D:1:      dpeg_arrival_boxes_within_box, layout_basic
D:2:      layout_basic, minmay_misc_feat_square
D:3:      layout_loops_ring, pdpol_wu_jian_five_deadly_venoms, xom_butterflies,
          grunt_decor_junction, serial_park_tiny_1, eino_tiny_chamber,
          uniq_crazy_yiuf_cottage

Notes
Turn   | Place    | Note
-------+----------+-------------------------------------------
     0 | D:1      | ytrimaz the Formicid Fighter began the quest for the Orb.
     0 | D:1      | Reached XP level 1. HP: 18/18 MP: 1/1
     0 | D:1      | magus.rc [v1.9.6]
   388 | D:1      | Reached XP level 2. HP: 19/24 MP: 2/2
   537 | D:1      | Reached skill level 3 in Axes
  1171 | D:2      | Reached XP level 3. HP: 22/29 MP: 3/3
  1949 | D:3      | Reached skill level 4 in Axes
  1949 | D:3      | Reached XP level 4. HP: 35/35 MP: 4/4
  2019 | D:3      | Killed by an exploding kobold... ignited by their inner
                  | flame

Vanquished Creatures
  An orc wizard (D:3)
  2 worms (D:2)
  A dart slug (D:1)
  3 orcs (D:3)
  2 bats (D:1)
  4 endoplasms
  2 goblins
  A hobgoblin (D:2)
  A quokka (D:2)
  A ball python (D:1)
  4 frilled lizards
  3 kobolds
  A rat (D:1)
26 creatures vanquished.

Table legend:
 A = Non-vault XP
 B = Vault XP
 C = Vault XP percentage of total XP
 D = Non-vault monster count
 E = Vault monster count
 F = Vault count percentage of total count
                 A         B        C        D         E       F
            +---------+---------+-------+---------+---------+-------
      Total |      88 |       0 |   0.0 |      26 |       0 |   0.0
            +---------+---------+-------+---------+---------+-------
        D:1 |      19 |       0 |   0.0 |      11 |       0 |   0.0
        D:2 |      21 |       0 |   0.0 |       8 |       0 |   0.0
        D:3 |      48 |       0 |   0.0 |       7 |       0 |   0.0
            +---------+---------+-------+---------+---------+-------

Illustrated notes

Table legend:
 A = Kills in this place as a percentage of kills in the entire game.
 B = Kills by you in this place as a percentage of kills by you in the entire game.
 C = Kills by friends in this place as a percentage of kills by friends in the entire game.
 D = Other kills in this place as a percentage of other kills in the entire game.
 E = Experience gained in this place as a percentage of experience gained in the entire game.
 F = Experience gained in this place divided by the number of levels of this place that you have seen.
                   A       B       C       D       E      F
               +-------+-------+-------+-------+-------+----------------------
         Total | 100.0 | 100.0 |   N/A |   N/A | 100.0 |  29.3
       Dungeon | 100.0 | 100.0 |   N/A |   N/A | 100.0 |  29.3
               +-------+-------+-------+-------+-------+----------------------

Table legend: (Time is in decaauts)
 A = Elapsed time spent in this place.
 B = Non-inter-level travel time spent in this place.
 C = Inter-level travel time spent in this place.
 D = Time resting spent in this place.
 E = Time spent auto-exploring this place.
 F = Levels seen in this place.
 G = Mean time per level.
                   A        B        C        D        E       F      G
               +--------+--------+--------+--------+--------+-----+--------+
         Total |   2046 |   1877 |    169 |      0 |   1627 |   3 |  682.0 |
       Dungeon |   2046 |   1877 |    169 |      0 |   1627 |   3 |  682.0 |
               +--------+--------+--------+--------+--------+-----+--------+

Top non-repeatable levels by time:
     D:1: 1030 daAuts
     D:2: 915 daAuts
     D:3: 101 daAuts
